 Dungeon Crawl Stone Soup version 0.31-a0-564-g3b7de120b3 (webtiles) character file.

Game seed: 15678859272232379094

590 gruber the Summoner (level 7, -1/56 HPs)
             Began as a Barachi Summoner on Aug 17, 2023.
             Was an Initiate of Gozag.
             Slain by a gnoll
             ... wielding a +0 flail
             ... led by a gnoll bouda
              (7 damage)
             ... on level 4 of the Dungeon.
             The game lasted 00:11:59 (4674 turns).

gruber the Summoner (Barachi Summoner)              Turns: 4674, Time: 00:12:00

Health: -1/56      AC:  5    Str: 10    XL:     7   Next: 39%
Magic:  0/10       EV: 12    Int: 17    God:    Gozag
Gold:   99         SH:  0    Dex: 10    Spells: 4/10 levels left

rFire   + . .        x - +0 dagger (venom)
rCold   . . .        (no shield)
rNeg    . . .        a - +0 robe
rPois   .            e - +0 helmet
rElec   .            (no cloak)
rCorr   +            (no gloves)
SInv    .            A - +1 pair of boots of Zeruurar {rF+ rCorr Dex-2}
Will    .....        (no amulet)
Stlth   ++           (no ring)
HPRegen 0.29/turn    (no ring)
MPRegen 0.12/turn

%: no passive effects
@: gold aura, unable to hop, slow
A: amphibious, slowness 1, strong legs 1, +LOS
a: Hop, Renounce Religion, Potion Petition, Call Merchant, Bribe Branch


You were on level 4 of the Dungeon.
You worshipped Gozag.
Gozag was noncommittal.
You visited 2 branches of the dungeon, and saw 5 of its levels.

You collected 150 gold pieces.
You paid 51 gold pieces to Gozag.

Inventory:

Hand Weapons
 x - a +0 dagger of venom (weapon)
Missiles
 d - 4 poisoned darts
 j - 2 curare-tipped darts
 v - a throwing net
Armour
 a - a +0 robe (worn)
 e - a +0 helmet (worn)
 y - the +6 scale mail of Activism {rF+ Dex+2}
   (You took it off a kobold on level 3 of the Dungeon)

   Dex+2:     It affects your dexterity (+2).
   rF+:       It protects you from fire.
 A - the +1 pair of boots of Zeruurar (worn) {rF+ rCorr Dex-2}
   (You found it on level 4 of the Dungeon)

   Dex-2:     It affects your dexterity (-2).
   rF+:       It protects you from fire.
   rCorr:     It protects you from acid and corrosion.
Jewellery
 w - a ring of fire
Wands
 q - a wand of polymorph (5)
 s - a wand of flame (17)
Scrolls
 c - a scroll of amnesia {unknown}
 h - 5 scrolls of identify {unknown}
 i - 2 scrolls of vulnerability {unknown}
 p - 3 scrolls of torment {unknown}
 t - a scroll of blinking {unknown}
Potions
 b - a potion of magic
 f - 2 potions of ambrosia {unknown}
 g - a potion of attraction {unknown}
 k - a potion of degeneration {unknown}
 l - a potion of haste {unknown}
 m - a potion of heal wounds {unknown}
 n - a potion of might {unknown}
 o - 2 potions of berserk rage {unknown}
 r - a potion of mutation {unknown}
 u - a potion of brilliance {unknown}
 z - a potion of curing {unknown}
 B - a potion of lignification {unknown}


   Skills:
 * Level 5.0 Fighting
 - Level 2.1 Dodging
 - Level 1.7 Stealth
 - Level 2.1 Spellcasting
 - Level 9.0 Summonings


You had 4 spell levels left.
You knew the following spells:

 Your Spells              Type           Power      Damage    Failure   Level
a - Summon Small Mammal   Summ           100%       N/A       1%          1
b - Call Imp              Summ           64%        N/A       1%          2
c - Call Canine Familiar  Summ           32%        N/A       1%          3

Your spell library contained the following spells:

 Spells                   Type           Power      Damage    Failure   Level
 Summon Guardian Golem    Hex/Summ       17%        N/A       9%          3
 Apportation              Tloc           2%         N/A       19%         1
 Ensorcelled Hibernation  Hex/Ice        2%         N/A       28%         2
 Summon Lightning Spire   Summ/Air       17%        N/A       30%         4
 Anguish                  Hex/Necr       0%         N/A       88%         4
 Alistair's Intoxication  Tmut/Pois      0%         N/A       99%         5


Dungeon Overview and Level Annotations

Branches:
Dungeon (4/15)             Temple (1/1) D:4

Altars:
Ashenzari
Cheibriados
Dithmenos
Elyvilon
Fedhas
Gozag
Hepliaklqana
Kikubaaqudgha
Makhleb
Nemelex Xobeh
Okawaru
Qazlal
Ru
Sif Muna
Trog
Uskayaw
Vehumet
Wu Jian
Xom
Yredelemnul
The Shining One

Shops:
D:3 =

Annotations:
D:2 Sigmund


Innate Abilities, Weirdness & Mutations

You are amphibious.
You cover ground slowly.
You can hop short distances.
You have an extended range of vision and can be seen from far away.


Message History

The gnoll bouda is severely wounded.
The gnoll bouda hits you with a +0 hand axe.
Unknown command.
Unknown command.
You hit the gnoll.
The gnoll is moderately wounded.
You kill the gnoll bouda!
The gnoll is no longer moving quickly.
The gnoll hits you with a +0 flail.
* * * LOW HITPOINT WARNING * * *
Your Fighting skill increases to level 5!
Unknown command.
Unknown command.
Hop to where?
Press: ? - help, Dir - move target Boing!
You closely miss the gnoll.
The gnoll is moderately wounded.
The gnoll hits you with a +0 flail.
* * * LOW HITPOINT WARNING * * *
You hit the gnoll.
The gnoll is severely wounded.
The gnoll hits you with a +0 flail.
* * * LOW HITPOINT WARNING * * *
Casting: Call Imp (safe; 1% risk of failure)
Confirm with . or Enter, or press ? or * to list all spells.
The gnoll hits you with a +0 flail.
* * * LOW HITPOINT WARNING * * *
Unknown command.
Unknown command.
Unknown command.
Your bat closely misses the gnoll.
You barely miss the gnoll.
The gnoll is severely wounded.
Your bat hits the gnoll but does no damage.
The gnoll closely misses you.
Your bat barely misses the gnoll.
You hit the gnoll.
The gnoll is poisoned.
The gnoll is severely wounded.
Your bat barely misses the gnoll.
The gnoll hits you with a +0 flail!
You die...
Your body crumbles into a pile of gold.

...........##.### ...# #...
###........##...# ...# #..#
..........######...# #..#
[..........#..#...# #...
.........#..$.#...# #...
##########.##$#..###########...
#...#...#.).#$b................
#.⌠.#.⌠.).⌠.#.g................
#...#...#...#.@#######.........
##.###.#######....####.........
#...#...#...#..)...............
#.⌠...⌠...>.#..................
#...#...#...#..................
######.###.##......#.....####+#
#...#...#...#......#<##...##
#.⌠...⌠.#.⌠.#......####+#..###
#...#...#...#......# #...#...##


You could see a gnoll (poisoned, ally target) and a friendly bat (summoned).

Vanquished Creatures
  A gnoll bouda (D:4)
  An adder (D:3)
  A dart slug (D:3)
  An orc (D:4)
  2 ball pythons
  3 endoplasms
  A giant cockroach (D:1)
  4 goblins
  3 hobgoblins
  4 jackals
  5 kobolds
  2 quokkas
  3 bats
  A frilled lizard (D:2)
  A rat (D:1)
33 creatures vanquished.

Vanquished Creatures (collateral kills)
  A water moccasin (D:4)
  A hound (D:4)
  A jelly (D:3)
  Jessica (D:2)
  An iguana (D:4)
  3 orc wizards
  6 gnolls
  8 adders
  A river rat (D:3)
  A worm (D:2)
  7 orcs
  5 ball pythons
  4 bats
  6 endoplasms
  2 giant cockroaches
  3 goblins
  5 hobgoblins
  8 jackals
  3 quokkas
  4 frilled lizards
  10 kobolds
  6 rats
87 creatures vanquished.

Vanquished Creatures (others)
  A goblin (D:1)
1 creature vanquished.

Grand Total: 121 creatures vanquished

Notes
Turn   | Place    | Note
-------+----------+-------------------------------------------
     0 | D:1      | gruber the Barachi Summoner began the quest for the Orb.
     0 | D:1      | Reached XP level 1. HP: 13/13 MP: 3/3
    70 | D:1      | Reached skill level 5 in Summonings
   197 | D:1      | Reached XP level 2. HP: 17/19 MP: 1/5
   269 | D:1      | Learned a level 2 spell: Call Imp
   547 | D:1      | Reached XP level 3. HP: 21/24 MP: 3/6
   557 | D:1      | Reached skill level 6 in Summonings
   780 | D:1      | Learned a level 3 spell: Call Canine Familiar
  1393 | D:2      | Reached XP level 4. HP: 14/30 MP: 3/7
  1707 | D:2      | Noticed Sigmund
  1889 | D:2      | Noticed Jessica
  1901 | D:2      | Killed Jessica
  1902 | D:2      | Reached skill level 7 in Summonings
  2450 | D:3      | Reached XP level 5. HP: 35/35 MP: 2/8
  2823 | D:3      | Found Ityrch's Jewellery Emporium.
  2970 | D:3      | Reached skill level 8 in Summonings
  3048 | D:3      | Identified the +6 scale mail of Activism {rF+ Dex+2}
  3257 | D:3      | Reached XP level 6. HP: 41/41 MP: 0/9
  3716 | D:3      | Found a faded altar of an unknown god.
  3838 | D:4      | Reached skill level 9 in Summonings
  4018 | D:4      | Identified the +1 pair of boots of Zeruurar {rF+ rCorr
                  | Dex-2}
  4048 | D:4      | Found a blossoming altar of Fedhas.
  4092 | D:4      | Reached skill level 1 in Fighting
  4218 | D:4      | Noticed a water moccasin
  4232 | D:4      | Killed a water moccasin
  4233 | D:4      | Reached XP level 7. HP: 54/54 MP: 0/10
  4491 | D:4      | Found a staircase to the Ecumenical Temple.
  4497 | Temple   | Entered the Ecumenical Temple
  4528 | Temple   | Became a worshipper of Gozag Ym Sagoz the Greedy
  4668 | D:4      | Reached skill level 5 in Fighting
  4674 | D:4      | Slain by a gnoll

Illustrated notes

Levels and vault maps discovered:
D:1:      onia_arrival_handbag, layout_basic, grunt_decor_fettered,
          minmay_pentomino_v2
D:2:      layout_basic, uniq_jessica, uniq_sigmund
D:3:      minmay_octagon_keep, layout_loops_ring,
          hellmonk_ecumenical_altar_dog_temple, serial_shops, shop,
          lightli_sewer_entry_pipes
D:4:      layout_basic, nicolae_overflow_hidden_temple,
          minmay_temple_entry_nine_rooms, serial_curves, eino_curves_04,
          eino_curves_02
Temple:   mainiacjoe_temple_big_plus

Skill      XL: |  1  2  3  4  5  6  7 |
---------------+----------------------+-----
Summonings     | 5 6 7 8 9 |  9.0
Fighting       | 4 5 |  5.0
Dodging        | |  2.1
Stealth        | |  1.7
Spellcasting   | |  2.1

Action                     |  1- 3 |  4- 6 |  7- 9 || total
---------------------------+-------+-------+-------++-------
  Melee: Unarmed           |    24 |       |       ||    24
         Short sword       |    52 |    32 |       ||    84
         Dagger            |       |    26 |    34 ||    60
  Throw: Dart              |     3 |       |       ||     3
   Cast: Summon Small Mamm |    28 |    16 |     1 ||    45
         Call Imp          |    14 |    26 |     5 ||    45
         Call Canine Famil |       |    32 |     5 ||    37
Ability: Hop               |     1 |       |     2 ||     3
   Stab: Sleeping          |     1 |     2 |       ||     3
         Distracted        |     1 |       |       ||     1
 Armour: Robe              |    10 |    35 |    16 ||    61
  Dodge: Dodged            |    65 |    85 |    21 ||   171
         Form:             |     1 |       |       ||     1
         Beast             |     1 |       |       ||     1

Table legend: (Time is in decaauts)
 A = Elapsed time spent in this place.
 B = Non-inter-level travel time spent in this place.
 C = Inter-level travel time spent in this place.
 D = Time resting spent in this place.
 E = Time spent auto-exploring this place.
 F = Levels seen in this place.
 G = Mean time per level.
                   A        B        C        D        E       F      G
               +--------+--------+--------+--------+--------+-----+--------+
         Total |   5105 |   4827 |    278 |    134 |   3585 |   5 | 1021.0 |
       Dungeon |   5032 |   4826 |    206 |    134 |   3585 |   4 | 1258.0 |
        Temple |     73 |      1 |     72 |      0 |      0 |   1 |   73.0 |
               +--------+--------+--------+--------+--------+-----+--------+

Top non-repeatable levels by time:
     D:3: 1705 daAuts
     D:1: 1437 daAuts
     D:2: 1051 daAuts
     D:4: 837 daAuts
  Temple: 73 daAuts
